 Dungeon Crawl Stone Soup version 0.31-a0-1008-g5b978dac0e (webtiles) character file.

Game seed: 17062386693693861226

89716 ChronoRanger the Slayer (level 15, -5/160 HPs)
             Began as a Minotaur Fighter on Nov 13, 2023.
             Was a High Priest of Okawaru.
             Slain by Donald
             ... wielding a +1 long sword of freezing
              (6 damage)
             ... on level 3 of the Swamp.
             The game lasted 00:48:32 (25360 turns).

ChronoRanger the Slayer (Minotaur Fighter)         Turns: 25360, Time: 00:48:33

Health: -5/160     AC: 27    Str: 34    XL:     15   Next: 50%
Magic:  14/14      EV: 13    Int:  5    God:    Okawaru [*****.]
Gold:   1698       SH:  7    Dex: 16    Spells: 14/14 levels left

rFire   . . .        u - +3 morningstar (elec)
rCold   + + +        U - +0 buckler {rPois}
rNeg    . . .        R - +3 plate armour {Will+}
rPois   +            (helmet restricted)
rElec   +            p - +1 cloak
rCorr   .            c - +0 pair of gloves of Egalitarianism {rElec rC+++ Will-}
SInv    .            j - +2 pair of boots
Will    +....        (no amulet) Stlth
                     w - +6 ring of strength
HPRegen 0.46/turn    t - +6 ring of dexterity
MPRegen 0.14/turn

%: no passive effects
@: studying Ranged Weapons
A: horns 2, retaliatory headbutt
a: Renounce Religion, Heroism, Finesse, Duel


You were on level 3 of the Swamp.
You worshipped Okawaru.
Okawaru was extremely pleased with you.
You visited 6 branches of the dungeon, and saw 22 of its levels.
You also visited: Gauntlet, Ice Cave and Volcano.

You collected 2154 gold pieces.
You spent 456 gold pieces at shops.

Inventory:

Hand Weapons
 s - a +2 flail of protection
 u - a +3 morningstar of electrocution (weapon)
Missiles
 D - 18 poisoned darts (quivered)
 G - 2 darts of dispersal
 K - 24 boomerangs
 P - a throwing net
Armour
 c - the +0 pair of gloves of Egalitarianism (worn) {rElec rC+++ Will-}
   (Okawaru gifted it to you on level 1 of the Swamp)

   rC+++:     It renders you almost immune to cold.
   rElec:     It insulates you from electricity.
   Will-:     It decreases your willpower.
 j - a +2 pair of boots (worn)
 p - a +1 cloak (worn)
 F - a +0 tower shield
 O - a +1 plate armour of cold resistance
 R - a +3 plate armour of willpower (worn)
 U - a +0 buckler of poison resistance (worn)
Jewellery
 g - a ring of protection from cold
 t - a +6 ring of dexterity (right hand)
 w - a +6 ring of strength (left hand)
Wands
 k - a wand of roots (12)
 A - a wand of polymorph (6)
 C - a wand of digging (4)
 H - a wand of acid (7)
Scrolls
 a - a scroll of identify
 h - 3 scrolls of teleportation
 l - 3 scrolls of fog
 m - 5 scrolls of vulnerability
 n - 2 scrolls of amnesia
 v - 2 scrolls of enchant weapon
 x - a scroll of fear
 y - a scroll of torment {unknown}
 L - a scroll of immolation
 M - a scroll of blinking
 N - a scroll of revelation
 T - a scroll of enchant armour {unknown}
Potions
 b - 13 potions of curing
 d - 2 potions of might
 e - 4 potions of brilliance
 f - 3 potions of mutation
 i - 4 potions of invisibility
 o - 4 potions of enlightenment
 q - 2 potions of cancellation
 r - 2 potions of ambrosia
 z - a potion of heal wounds
 B - 4 potions of attraction
 E - 4 potions of haste
 I - 2 potions of resistance
 J - a potion of lignification
 Q - a potion of berserk rage {unknown}
 S - a potion of magic {unknown}


   Skills:
 * Level 21.7 Fighting
 - Level 16.0 Maces & Flails
 + Level 14.4 Armour
 + Level 9.9 Dodging
 - Level 10.0 Shields


You had 14 spell levels left.
You didn't know any spells.
Your spell library contained the following spells:

 Spells                   Type           Power      Damage    Failure   Level
 Sandblast                Erth           0%         2d4       95%         1
 Passwall                 Tmut/Erth      0%         N/A       99%         2
 Stone Arrow              Conj/Erth      0%         3d7       100%        3
 Brom's Barrelling Bould  Conj/Erth      0%         2d3       100%        4
 Olgreb's Toxic Radiance  Pois           0%         N/A       100%        4
 Alistair's Intoxication  Tmut/Pois      0%         N/A       100%        5
 Borgnjor's Vile Clutch   Necr/Erth      0%         N/A       100%        5
 Eringya's Noxious Bog    Tmut/Pois      0%         4d6       100%        6
 Orb of Destruction       Conj           0%         9d5       100%        7
 Discord                  Hex            0%         N/A       100%        8
 Ignition                 Fire           0%         3d3       100%        8
 Summon Guardian Golem    Hex/Summ       Unusable   N/A       N/A         3
 Spellforged Servitor     Conj/Summ      Unusable   N/A       N/A         7

Dungeon Overview and Level Annotations

Branches:
Dungeon (11/15)            Temple (1/1) D:5            Lair (4/5) D:11
  Swamp (3/4) Lair:2       Spider (1/4) Lair:3          Orc (2/2) D:9
    Elf (0/3) Orc:2         IceCv (visited)         Volcano (visited)
Gauntlet (visited)
  Slime: Lair:4-5

Altars:
Ashenzari
Cheibriados
Dithmenos
Elyvilon
Fedhas
Gozag
Hepliaklqana
Kikubaaqudgha
Makhleb
Nemelex Xobeh
Okawaru
Qazlal
Ru
Sif Muna
Trog
Uskayaw
Vehumet
Wu Jian
Xom
Yredelemnul
Zin
The Shining One

Shops:
Orc:2 *(![

Portals:
Abyss: Swamp:3

Annotations:
D:4 1 runed translucent door
D:6 Pikel
D:9 2 transporters
Swamp:3 1 transporter, Daxtuur's ghost, adept GrGl; Donald


Innate Abilities, Weirdness & Mutations

You have a pair of horns on your head.
You reflexively headbutt those who attack you in melee.


Message History

The will-o-the-wisp gestures.
The will-o-the-wisp conjures some marshlight!
Donald says, "Okawaru's gifts are murder."
Donald hits you with a +1 long sword of freezing.
* * * LOW HITPOINT WARNING * * *
2 foxfires come into view.
You hit Donald. Donald blocks your attack.
Donald is lightly wounded.
The foxfire hits you!!
* * * LOW HITPOINT WARNING * * *
The foxfire hits you!
* * * LOW HITPOINT WARNING * * *
Donald hits you with a +1 long sword of freezing.
* * * LOW HITPOINT WARNING * * *
The will-o-the-wisp completely misses you.
You furiously retaliate!
You headbutt the will-o-the-wisp!
Blink to where?
Press: ? - help, Dir - move target
As you read the scroll of blinking, it crumbles to dust.
The will-o-the-wisp gestures.
The will-o-the-wisp conjures some marshlight!
A foxfire comes into view.
The foxfire moves out of view.
The green very ugly thing gurgles horribly!
Donald says, "Maybe I'll visit Hell next."
You feel like a meek peon again.
Donald says, "Nice kit."
Donald says, "That buzzing noise?
I hate that the most."
Donald says, "How much finesse does it take to swing your arms real fast, anyway?"
Donald attacks as he pursues you!
Donald hits you with a +1 long sword of freezing.
* * * LOW HITPOINT WARNING * * *
Donald attacks as he pursues you!
Donald hits you with a +1 long sword of freezing!!
* * * LOW HITPOINT WARNING * * *
Donald freezes you.
* * * LOW HITPOINT WARNING * * *
Donald hits you with a +1 long sword of freezing.
You die...
Donald says, "Well, maybe you weren't so bad after all."

.?..♣. #.u#.....~.~.♣♣♣♣♣
##... .∩.#......~~.....♣♣♣
.##i####.##....~~~...~~...♣
..###..###......~..~♣.~.♣♣♣
...............~.~.~♣♣~♣~♣♣
...............~~~~.~♣♣♣♣~♣
~♣.~..~.♣♣...♣♣.~~~..~♣♣♣♣♣
.♣♣..♣.♣♣♣♣♣♣♣♣.@~.♣..§♣
♣♣♣♣♣♣♣♣ ♣.~~@..~~~.♣ ♣
♣~~....~~~~♣ ♣~..♣♣~...~♣
....♣♣ ..♣♣.~ ♣♣..~ ~♣ ♣
♣♣♣♣ ♣♣


You could see Donald (fast, strong, reflecting).

Vanquished Creatures
  Nikola (Swamp:3)
  Jorgrun (Orc:2)
  A ghoul (Swamp:2)
  2 orc warlords
  3 eleionomae
  2 bunyips
  A shambling mangrove (Swamp:2)
  A ghost crab (Swamp:3)
  3 hydras
  5 two-headed ogres
  6 alligators
  3 boulder beetles
  9 death yaks (Lair:4)
  5 orc high priests (Orc:2)
  2 spriggans (Swamp:1)
  2 skeletal warriors (Volcano)
  A skyshark (Lair:3)
  A spriggan druid (Swamp:1)
  8 goliath frogs
  4 swamp dragons
  4 bog bodies
  4 orc knights
  A lindwurm (Lair:3)
  3 anaconda skeletons (Volcano)
  4 orc sorcerers
  3 will-o-the-wisps
  2 alligator skeletons (Volcano)
  6 gargoyles
  2 black mambas (Lair:1)
  Maurice (D:8)
  10 elephants
  7 cane toads
  Jeremiah (D:6)
  5 komodo dragons
  2 rime drakes
  2 kobold demonologists (D:11)
  4 hornets
  6 trolls
  Prince Ribbit (D:5)
  2 harpy skeletons (Volcano)
  7 tyrant leeches
  3 blink frogs (Lair:4)
  Grinder (D:3)
  10 dream sheep
  2 flying skulls (Volcano)
  Sigmund (D:5)
  5 wyverns
  A shadow (D:10)
  31 yaks
  A wraith (D:10)
  4 culicivoras
  Eustachio (D:4)
  Grum (D:8)
  4 basilisks
  3 fire bats (Lair:1)
  3 redbacks (Spider:1)
  8 vampire mosquitoes
  8 wargs
  A steam dragon (Lair:2)
  A death yak simulacrum (IceCv)
  9 swamp worms
  An acid dragon (D:9)
  Edmund (D:5)
  18 water moccasins
  2 swamp drakes
  2 sky beasts (D:7)
  3 black bears
  51 orc warriors
  17 ogres
  14 wolves
  A centaur (D:5)
  2 lemures (D:6)
  The ghost of Dwachs the Changeling, an amateur OpSh (D:3)
  2 phantoms
  5 kobold brigands
  Blork the orc (D:4)
  12 bullfrogs
  2 gnoll sergeants
  2 necrophages
  4 scorpions
  12 wights
  A water moccasin skeleton (D:3)
  An elephant simulacrum (IceCv)
  A troll skeleton (Volcano)
  A spriggan skeleton (Volcano)
  4 howler monkeys
  2 jellies
  A bullfrog zombie (D:3)
  2 hounds (D:4)
  30 orc priests
  A gnoll bouda (D:5)
  5 iguanas
  3 sleepcaps
  14 orc wizards
  A polar bear simulacrum (IceCv)
  A wolf simulacrum (IceCv)
  2 naga skeletons (Volcano)
  16 gnolls
  6 adders
  A shadow imp (D:5)
  17 white imps
  4 ufetubi
  3 worms (D:2)
  2 dart slugs
  97 orcs
  4 bats
  8 endoplasms
  4 giant cockroaches
  11 goblins
  7 hobgoblins
  14 jackals
  25 kobolds
  A quokka (D:5)
  7 ball pythons
  4 frilled lizards
  A goblin zombie (D:4)
  12 rats
703 creatures vanquished.

Vanquished Creatures (others)
  A bunyip (Swamp:1)
  3 bloated husks
  An orc priest (Orc:2)
  An orc (Orc:1)
  12 foxfires
18 creatures vanquished.

Grand Total: 721 creatures vanquished

Notes
Turn   | Place    | Note
-------+----------+-------------------------------------------
     0 | D:1      | ChronoRanger the Minotaur Fighter began the quest for the
                  | Orb.
     0 | D:1      | Reached XP level 1. HP: 19/19 MP: 0/0
   169 | D:1      | Reached XP level 2. HP: 27/27 MP: 1/1
   335 | D:1      | Reached skill level 4 in Fighting
   338 | D:1      | Reached XP level 3. HP: 32/33 MP: 2/2
   895 | D:2      | Reached XP level 4. HP: 40/40 MP: 3/3
  1004 | D:2      | Found a blossoming altar of Fedhas.
  1243 | D:3      | Noticed Grinder
  1258 | D:3      | Killed Grinder
  1259 | D:3      | Reached skill level 5 in Maces & Flails
  1259 | D:3      | Reached XP level 5. HP: 19/47 MP: 4/4
  1259 | D:3      | Reached XP level 6. HP: 22/55 MP: 5/5
  1695 | D:3      | Found a runed translucent gate.
  1695 | D:3      | Found a runed translucent gate.
  1696 | D:3      | Found a runed translucent gate.
  1711 | D:3      | Noticed Dwachs's ghost (amateur OpSh)
  1966 | D:3      | Reached skill level 5 in Fighting
  1966 | D:3      | Reached skill level 5 in Armour
  1966 | D:3      | Reached skill level 5 in Shields
  2108 | D:3      | Killed Dwachs's ghost
  2189 | D:4      | Reached XP level 7. HP: 47/61 MP: 6/6
  2239 | D:4      | Noticed Blork the orc
  2252 | D:4      | Killed Blork the orc
  2396 | D:4      | Found a runed translucent door.
  2396 | D:4      | Noticed a human
  2404 | D:4      | Found a basalt altar of Yredelemnul.
  2449 | D:4      | Noticed Eustachio
  2481 | D:4      | Killed Eustachio
  2683 | D:4      | Found an ancient bone altar of Kikubaaqudgha.
  2684 | D:4      | Identified the +0 leather armour of the Transmuting Gods
                  | {Int+2}
  2688 | D:4      | Reached skill level 6 in Fighting
  2923 | D:5      | Entered Level 5 of the Dungeon
  2923 | D:5      | Noticed a two-headed ogre
  2933 | D:5      | Killed a two-headed ogre
  2934 | D:5      | Reached XP level 8. HP: 30/71 MP: 7/7
  3076 | D:5      | Noticed Prince Ribbit
  3087 | D:5      | Killed Prince Ribbit
  3088 | D:5      | Reached skill level 7 in Fighting
  3389 | D:5      | Found a staircase to the Ecumenical Temple.
  3458 | Temple   | Entered the Ecumenical Temple
  3497 | Temple   | Became a worshipper of Warmaster Okawaru
  3575 | D:5      | Reached XP level 9. HP: 71/79 MP: 8/8
  3840 | D:5      | Noticed Edmund
  3856 | D:5      | Killed Edmund
  4135 | D:5      | Noticed Sigmund
  4148 | D:5      | Killed Sigmund
  4414 | D:6      | Reached skill level 10 in Maces & Flails
  4457 | D:6      | Reached * piety under Okawaru
  4546 | D:6      | Reached skill level 8 in Fighting
  5294 | D:6      | Noticed Jeremiah
  5316 | D:6      | Killed Jeremiah
  5417 | D:6      | Noticed Pikel
  5773 | D:7      | Found an opulent altar of Gozag.
  5777 | D:7      | Reached ** piety under Okawaru
  5778 | D:7      | Reached XP level 10. HP: 90/90 MP: 9/9
  6593 | D:8      | Reached skill level 9 in Fighting
  6805 | D:8      | Noticed Grum
  6819 | D:8      | Killed Grum
  6819 | D:8      | Reached *** piety under Okawaru
  6820 | D:8      | Noticed a four-headed hydra
  6826 | D:8      | Killed a four-headed hydra
  6991 | D:8      | Noticed Maurice
  6999 | D:8      | Maurice stole a +2 flail of protection
  7034 | D:8      | Something stole 512 gold
  7091 | D:8      | Killed Maurice
  7781 | D:9      | Found a staircase to the Orcish Mines.
  7803 | D:9      | Found a transporter.
  7804 | D:9      | Found a transporter.
  7804 | D:9      | Noticed a boulder beetle
  8371 | D:9      | Reached XP level 11. HP: 78/98 MP: 10/10
  8575 | D:10     | Entered Level 10 of the Dungeon
  8632 | D:10     | Found a bloodstained altar of Trog.
  8674 | D:10     | Reached **** piety under Okawaru
  8675 | D:10     | Reached skill level 10 in Fighting
  8680 | D:10     | Reached skill level 10 in Armour
  8680 | D:10     | Reached skill level 10 in Shields
  8748 | D:10     | Found a shadowy altar of Dithmenos.
  9146 | D:10     | Noticed a two-headed ogre
  9159 | D:10     | Killed a two-headed ogre
  9655 | D:11     | Found a gate leading to a gauntlet.
  9697 | Gauntlet | Entered a Gauntlet
  9697 | Gauntlet | Found a transporter.
  9697 | Gauntlet | Found a transporter.
  9702 | Gauntlet | Found a transporter.
  9717 | Gauntlet | Found a transporter.
  9724 | Gauntlet | Noticed a catoblepas
  9731 | Gauntlet | Found a transporter.
  9744 | Gauntlet | Found a transporter.
  9748 | Gauntlet | Noticed a green ugly thing
  9755 | Gauntlet | Noticed a great orb of eyes
  9763 | Gauntlet | Found a transporter.
  9802 | Gauntlet | Noticed an arcanist
  9831 | Gauntlet | Found a transporter.
  9844 | Gauntlet | Found a transporter.
  9846 | Gauntlet | Noticed a sixfirhy
  9848 | Gauntlet | Noticed a sixfirhy
  9858 | Gauntlet | Noticed a reaper
  9869 | Gauntlet | Found a transporter.
  9872 | Gauntlet | Found a transporter.
  9960 | Gauntlet | Found a transporter.
  9963 | Gauntlet | Noticed an arcanist
  9970 | Gauntlet | Found a transporter.
  9980 | Gauntlet | Found a transporter.
  9980 | Gauntlet | Noticed an obsidian statue
 10004 | Gauntlet | Found a transporter.
 10014 | Gauntlet | Found a transporter.
 10699 | D:11     | Reached skill level 11 in Fighting
 10705 | D:11     | Found a staircase to the Lair.
 10787 | D:12     | Identified the "Atame"
 10787 | IceCv    | Identified the "Vigack"
 10787 | Lair:1   | Entered Level 1 of the Lair of Beasts
 10896 | Lair:1   | Reached skill level 15 in Maces & Flails
 10902 | Lair:1   | Reached ***** piety under Okawaru
 10928 | Lair:1   | Found a frozen archway.
 11018 | IceCv    | Entered an ice cave
 11291 | Lair:1   | Found a dark tunnel.
 11310 | Volcano  | Entered a volcano
 11452 | Volcano  | Received a gift from Okawaru
 11453 | Volcano  | Reached XP level 12. HP: 101/112 MP: 11/11
 11457 | Volcano  | Reached skill level 12 in Fighting
 11545 | Volcano  | Reached skill level 13 in Fighting
 11876 | Lair:1   | Reached skill level 14 in Fighting
 11908 | Lair:1   | Identified the +2 short sword "Ytokaiqy" {venom, rPois MP+9
                  | Dex+4}
 12464 | Lair:1   | Received a gift from Okawaru
 12465 | Lair:1   | Reached skill level 15 in Fighting
 13014 | Lair:2   | Found a staircase to the Swamp.
 13018 | Lair:2   | Reached ****** piety under Okawaru
 13041 | Lair:2   | Reached skill level 16 in Fighting
 14272 | Lair:3   | Reached XP level 13. HP: 87/130 MP: 12/12
 14415 | Lair:3   | Found a hole to the Spider Nest.
 14435 | Lair:3   | Reached skill level 1 in Dodging
 14638 | Lair:3   | Reached skill level 17 in Fighting
 14745 | Lair:3   | Found a glowing golden altar of the Shining One.
 15126 | Lair:3   | Received a gift from Okawaru
 15675 | Lair:4   | Reached skill level 18 in Fighting
 16110 | Lair:4   | Received a gift from Okawaru
 16120 | Lair:4   | Reached skill level 5 in Dodging
 16758 | Lair:4   | Found a sparkling altar of Nemelex Xobeh.
 17280 | Orc:1    | Entered Level 1 of the Orcish Mines
 17280 | Orc:1    | Noticed an orc warlord
 17301 | D:9      | Killed an orc warlord
 17303 | D:9      | Received a gift from Okawaru
 17568 | D:9      | Reached XP level 14. HP: 143/144 MP: 13/13
 18092 | Orc:1    | Reached skill level 19 in Fighting
 18423 | Orc:2    | Entered Level 2 of the Orcish Mines
 18673 | Orc:2    | Noticed Jorgrun
 18687 | Orc:2    | Killed Jorgrun
 19006 | Orc:2    | HP: 5/145 [soul eater[an orc sorcerer] (13)]
 19313 | Orc:2    | Found Binys's Armour Boutique.
 19453 | Orc:2    | Found Xouwivon's Distillery.
 19486 | Orc:2    | Bought 2 potions of curing for 102 gold pieces
 19486 | Orc:2    | Bought a potion of heal wounds for 85 gold pieces
 19564 | Orc:2    | Received a gift from Okawaru
 19868 | Orc:2    | Found a staircase to the Elven Halls.
 20135 | Orc:2    | Noticed an orc warlord
 20509 | Orc:2    | Found Ciptuat's Antique Weapon Shoppe.
 20525 | Orc:2    | Reached skill level 20 in Fighting
 20725 | Orc:2    | Killed an orc warlord
 20946 | Orc:2    | Found Wetwutycs's Assorted Antiques.
 20982 | Orc:2    | Bought a sedimented dark potion for 24 gold pieces
 20982 | Orc:2    | Bought a scroll labelled QISSUWNOSH for 27 gold pieces
 20982 | Orc:2    | Bought a potion of might for 108 gold pieces
 21367 | Orc:2    | Bought a +0 buckler of poison resistance for 110 gold
                  | pieces
 21521 | Swamp:1  | Entered Level 1 of the Swamp
 21549 | Swamp:1  | Received a gift from Okawaru
 21745 | Swamp:1  | Acquired the +0 pair of gloves of Egalitarianism {rElec
                  | rC+++ Will-}
 21745 | Swamp:1  | Received a gift from Okawaru
 22380 | Swamp:1  | Received a gift from Okawaru
 22384 | Swamp:1  | Reached XP level 15. HP: 131/157 MP: 14/14
 22878 | Spider:1 | Entered Level 1 of the Spider Nest
 22898 | Spider:1 | Reached skill level 21 in Fighting
 24780 | Swamp:3  | Noticed Nikola
 25142 | Swamp:3  | Killed Nikola
 25251 | Swamp:3  | Found a transporter.
 25251 | Swamp:3  | Noticed a daeva
 25279 | Swamp:3  | Noticed Daxtuur's ghost (adept GrGl)
 25307 | Swamp:3  | Found a one-way gate to the infinite horrors of the Abyss.
 25337 | Swamp:3  | Noticed Donald
 25360 | Swamp:3  | HP: 2/160 [Donald/+1 long sword of freezing (22)]
 25360 | Swamp:3  | Slain by Donald

Illustrated notes

Levels and vault maps discovered:
D:1:      evilmike_arrival_hilbert_curve, layout_basic
D:2:      layout_rooms, basic_altar
D:3:      layout_basic, gammafunk_ghost_necromancy, uniq_grinder
D:4:      layout_rooms, dk_yredelemnul_ordeal, kiku_gazebo_garden_becter,
          uniq_blork_the_orc, uniq_eustachio
D:5:      layout_cave_pods, minmay_temple_entry_water_ring,
          minmay_misc_feat_square, corexii_checkpoint, minmay_strange_pillars,
          minmay_manual_mandibuliform, uniq_edmund, uniq_sigmund,
          uniq_prince_ribbit1
D:6:      layout_basic, serial_demonic, serial_demonic_c, serial_demonic_b,
          serial_demonic_f, serial_demonic_f, uniq_pikel, uniq_jeremiah
D:7:      minmay_skewed_foursquare, layout_rooms, lemuel_doored_altar,
          minmay_misc_feat_nine_boxes
D:8:      layout_cave_pools, uniq_grum, uniq_maurice
D:9:      gammafunk_boulding_lane, layout_small_grid, david_orc_3,
          minmay_misc_feat_ornament
D:10:     layout_basic, mainiacjoe_overflow_catwalk_spiral
D:11:     layout_rooms, david_lair_generic, gauntlet_entry_generic
Temple:   bh_familiar_temple
Lair:1:   layout_roguey, nicolae_volcano_entry_batcave,
          portal_ice_cave_entry_imps, lemuel_fruit_tree
Lair:2:   layout_long_grid, minmay_swamp_entry_worms, grunt_megastairs_2
Lair:3:   layout_regular_city, hellmonk_spider_entry_life_and_decay, basic_altar
Lair:4:   layout_regular_city, basic_altar, grunt_megastairs_1,
          serial_bayou_shore_b
Swamp:1:  layout_basic_swamp, evilmike_swamp_ruin_house_5, swamp_pool_1_2
Swamp:2:  layout_falls_marsh, evilmike_swamp_ruin_rubble_2,
          nicolae_swamp_decorative_isthmus
Swamp:3:  layout_basic_swamp, gammafunk_ghost_abyssal_escape, serial_swamp_ruin,
          evilmike_swamp_ruin_house_4, evilmike_swamp_ruin_house_2,
          swamp_pool_1_2, nicolae_swamp_triple_paths, uniq_louise, uniq_donald,
          uniq_nikola
Spider:1: layout_spider_delve, uniq_kirke
Orc:1:    layout_caves, basic_altar
Orc:2:    pubby_orc_utopia, uniq_jorgrun

Skill      XL: |  1  2  3  4  5  6  7  8  9 10 11 12 13 14 15 |
---------------+----------------------------------------------+-----
Maces & Flails | 3 5 6 8 9 11 13 15 16 | 16.0
Fighting       | 4 5 6 7 8 9 11 16 18 20 21 | 21.7
Shields        | 4 5 6 7 8 9 10 | 10.0
Armour         | 4 5 6 7 8 9 10 11 13 14 | 14.4
Dodging        | 5 8 9 |  9.9

Action                     |  1- 3 |  4- 6 |  7- 9 | 10-12 | 13-15 || total
---------------------------+-------+-------+-------+-------+-------++-------
  Melee: Flail             |   112 |    96 |   258 |       |       ||   466
         Headbutt          |    13 |    14 |    59 |   104 |   215 ||   405
         Morningstar       |       |       |    40 |   547 |   974 ||  1561
 Invoke: Heroism           |       |       |       |     4 |    11 ||    15
         Finesse           |       |       |       |       |     1 ||     1
         Receive Armour    |       |       |       |       |     1 ||     1
    Use: Scroll            |       |     4 |     5 |    16 |     5 ||    30
         Potion            |       |       |     3 |       |     6 ||     9
 Armour: Chain mail        |    83 |    62 |   272 |    52 |       ||   469
         Scale mail        |     7 |       |       |       |       ||     7
         Plate armour      |       |       |       |   381 |   789 ||  1170
  Dodge: Dodged            |    50 |    39 |   135 |   160 |   416 ||   800
  Block: Buckler           |    23 |    24 |    81 |   159 |   289 ||   576

Table legend: (Time is in decaauts)
 A = Elapsed time spent in this place.
 B = Non-inter-level travel time spent in this place.
 C = Inter-level travel time spent in this place.
 D = Time resting spent in this place.
 E = Time spent auto-exploring this place.
 F = Levels seen in this place.
 G = Mean time per level.
                   A        B        C        D        E       F      G
               +--------+--------+--------+--------+--------+-----+--------+
         Total |  25199 |  24191 |   1008 |   2435 |  16914 |  25 | 1008.0 |
       Dungeon |  10827 |  10450 |    377 |    635 |   7729 |  11 |  984.3 |
        Temple |     61 |     40 |     21 |      0 |      9 |   1 |   61.0 |
          Lair |   6225 |   5848 |    377 |    969 |   4056 |   4 | 1556.2 |
         Swamp |   3477 |   3296 |    181 |    668 |   2081 |   3 | 1159.0 |
   Spider Nest |     21 |     21 |      0 |      0 |      1 |   1 |   21.0 |
  Orcish Mines |   3441 |   3391 |     50 |    163 |   2543 |   2 | 1720.5 |
      Ice Cave |     34 |     34 |      0 |      0 |      7 |   1 |   34.0 |
       Volcano |    512 |    512 |      0 |      0 |    177 |   1 |  512.0 |
      Gauntlet |    596 |    596 |      0 |      0 |    311 |   1 |  596.0 |
               +--------+--------+--------+--------+--------+-----+--------+

Top non-repeatable levels by time:
   Orc:2: 2867 daAuts
  Lair:2: 1855 daAuts
     D:9: 1746 daAuts
  Lair:4: 1631 daAuts
 Swamp:1: 1626 daAuts
  Lair:3: 1562 daAuts
 Swamp:2: 1554 daAuts
     D:5: 1416 daAuts
     D:6: 1311 daAuts
  Lair:1: 1175 daAuts
     D:3: 1118 daAuts
    D:10: 1025 daAuts
     D:8: 928 daAuts
     D:7: 790 daAuts
     D:4: 748 daAuts
